General information
- name: BNet
- type: Ladder team game (AT/RT)
- host: Battle.net
- saver: trainingfort
map: TwistedMeadows
- players: 4
- length: 29:32
- speed: Fast
- version: 1.24 W3XP
- replay type: Public
» download(213 KB)
Players
team 1 (winner)
X-Pl[a]y.N[o]oB (
blue | 137 APM | 4051 actions | 29:32)
6 Death Knight
3 Death Coil
2 Unholy Aura
1 Animate Dead
4 Lich
2 Frost Nova
2 Frost Armor
4 Crypt Lord
3 Impale
1 Spiked Carapace
» actions
| Assign group hotkey | 538 | |
| Basic commands | 45 | |
| Build / train | 84 | |
| Enter build submenu | 20 | |
| Enter hero's abilities submenu | 14 | |
| Give item / drop item | 6 | |
| Right click | 2273 | |
| Select / deselect | 644 | |
| Select group hotkey | 236 | |
| Use ability | 191 | |
4051 total
» units
| Acolyte | 4 | |
| Ghoul | 7 | |
| Crypt Fiend | 17 | |
| Obsidian Statue | 6 | |
34 total
» upgrades
| Creature Attack | 2 | |
| Burrow | 1 | |
| Web | 1 | |
| Destroyer Form | 1 | |
5 total
» buildings
| Graveyard | 1 | |
| Crypt | 2 | |
| Altar of Darkness | 1 | |
| Ziggurat | 10 | |
| Tomb of Relics | 2 | |
| Halls of the Dead | 1 | |
| Black Citadel | 2 | |
| Slaughterhouse | 1 | |
| Spirit Tower | 1 | |
21 total
» build order
00:14 Graveyard
00:16 Crypt
00:18 Crypt
00:53 Altar of Darkness
01:04 Ziggurat
01:38 Tomb of Relics
02:07 Ziggurat
04:33 Halls of the Dead
04:34 Ziggurat
06:42 Ziggurat
07:21 Black Citadel
07:22 Black Citadel
07:35 Slaughterhouse
10:02 Ziggurat
11:29 Spirit Tower
12:21 Ziggurat
12:22 Ziggurat
13:13 Ziggurat
13:22 Tomb of Relics
20:32 Ziggurat
20:33 Ziggurat
» items
| Rod of Necromancy | 5 | |
| Dust of Appearance | 2 | |
| Potion of Healing | 2 | |
| Orb of Corruption | 1 | |
| Scroll of Town Portal | 2 | |
| Scroll of Healing | 3 | |
| Potion of Mana | 1 | |
| Potion of Lesser Invulnerability | 1 | |
17 total
xoM9lK (
yellow | 134 APM | 3948 actions | 29:32)
6 Death Knight
3 Death Coil
3 Unholy Aura
5 Lich
3 Frost Nova
2 Frost Armor
4 Dark Ranger
2 Silence
2 Black Arrow
» actions
| Assign group hotkey | 125 | |
| Basic commands | 99 | |
| Build / train | 83 | |
| ESC pressed | 1 | |
| Enter build submenu | 22 | |
| Enter hero's abilities submenu | 15 | |
| Give item / drop item | 2 | |
| Right click | 1881 | |
| Select / deselect | 434 | |
| Select group hotkey | 1113 | |
| Use ability | 173 | |
3948 total
» units
| Acolyte | 11 | |
| Ghoul | 14 | |
| Crypt Fiend | 12 | |
| Obsidian Statue | 4 | |
41 total
» upgrades
| Web | 1 | |
| Destroyer Form | 1 | |
| Creature Carapace | 2 | |
| Creature Attack | 1 | |
5 total
» buildings
| Crypt | 2 | |
| Altar of Darkness | 1 | |
| Ziggurat | 9 | |
| Tomb of Relics | 4 | |
| Nerubian Tower | 1 | |
| Halls of the Dead | 1 | |
| Graveyard | 1 | |
| Spirit Tower | 1 | |
| Black Citadel | 4 | |
| Slaughterhouse | 1 | |
25 total
» build order
00:15 Crypt
00:20 Altar of Darkness
00:35 Ziggurat
00:53 Tomb of Relics
01:12 Ziggurat
01:51 Nerubian Tower
03:16 Halls of the Dead
03:35 Graveyard
03:53 Ziggurat
06:02 Spirit Tower
06:34 Tomb of Relics
08:23 Black Citadel
08:23 Black Citadel
08:23 Black Citadel
09:09 Slaughterhouse
09:19 Ziggurat
10:07 Ziggurat
10:40 Tomb of Relics
13:22 Ziggurat
15:01 Ziggurat
15:42 Ziggurat
16:07 Crypt
16:47 Ziggurat
18:52 Tomb of Relics
» items
| Rod of Necromancy | 3 | |
| Orb of Corruption | 1 | |
| Scroll of Town Portal | 2 | |
| Potion of Healing | 2 | |
| Scroll of Healing | 1 | |
9 total
team 2 (loser)

»
Patience.Virtue (
pink | 107 APM | 3164 actions | 29:30)
6 Archmage
3 Summon Water Elemental
3 Brilliance Aura
» actions
| Assign group hotkey | 86 | |
| Basic commands | 213 | |
| Build / train | 107 | |
| ESC pressed | 5 | |
| Enter build submenu | 31 | |
| Enter hero's abilities submenu | 6 | |
| Right click | 1010 | |
| Select / deselect | 517 | |
| Select group hotkey | 1057 | |
| Use ability | 132 | |
3164 total
» units
| Peasant | 17 | |
| Footman | 9 | |
| Goblin Shredder | 1 | |
| Goblin Zeppelin | 2 | |
| Goblin Sapper | 8 | |
| Gryphon Rider | 13 | |
| Knight | 13 | |
63 total
» upgrades
| Masonry | 3 | |
| Animal War Training | 2 | |
| Storm Hammers | 1 | |
6 total
» buildings
| Altar of Kings | 2 | |
| Barracks | 1 | |
| Farm | 9 | |
| Lumber Mill | 1 | |
| Town Hall | 1 | |
| Scout Tower | 10 | |
| Arcane Vault | 1 | |
| Guard Tower | 11 | |
| Keep | 3 | |
| Gryphon Aviary | 3 | |
| Castle | 1 | |
| Blacksmith | 2 | |
45 total
» build order
00:06 Altar of Kings
00:19 Barracks
00:34 Farm
00:49 Farm
02:00 Farm
03:11 Farm
03:32 Lumber Mill
04:20 Farm
05:13 Town Hall
06:20 Scout Tower
06:22 Scout Tower
06:28 Scout Tower
06:30 Scout Tower
06:57 Arcane Vault
06:58 Guard Tower
06:58 Guard Tower
07:06 Scout Tower
07:07 Guard Tower
07:36 Keep
07:36 Keep
07:36 Keep
07:39 Guard Tower
07:39 Guard Tower
07:39 Guard Tower
07:50 Scout Tower
07:51 Scout Tower
08:02 Scout Tower
08:22 Guard Tower
08:58 Guard Tower
09:17 Scout Tower
09:18 Scout Tower
09:56 Guard Tower
09:58 Gryphon Aviary
09:59 Gryphon Aviary
09:59 Gryphon Aviary
10:17 Castle
10:52 Blacksmith
10:56 Blacksmith
12:57 Altar of Kings
13:15 Farm
13:15 Farm
13:16 Farm
13:16 Farm
» items
| Lesser Clarity Potion | 3 | |
| Scroll of Regeneration | 2 | |
| Potion of Invisibility | 1 | |
| Potion of Lesser Invulnerability | 1 | |
| Scroll of Town Portal | 1 | |
| Potion of Healing | 4 | |
12 total

»
trainingfort (
green | 122 APM | 3607 actions | 29:32)
6 Death Knight
3 Death Coil
2 Unholy Aura
1 Animate Dead
4 Lich
2 Frost Armor
2 Frost Nova
2 Crypt Lord
1 Impale
1 Spiked Carapace
» actions
| Assign group hotkey | 80 | |
| Basic commands | 50 | |
| Build / train | 75 | |
| ESC pressed | 2 | |
| Enter build submenu | 20 | |
| Enter hero's abilities submenu | 12 | |
| Give item / drop item | 3 | |
| Remove unit from queue | 1 | |
| Right click | 1182 | |
| Select / deselect | 1090 | |
| Select group hotkey | 924 | |
| Use ability | 168 | |
3607 total
» units
| Acolyte | 8 | |
| Ghoul | 3 | |
| Crypt Fiend | 13 | |
| Obsidian Statue | 6 | |
| Abomination | 3 | |
33 total
» upgrades
| Creature Attack | 2 | |
| Burrow | 1 | |
| Creature Carapace | 1 | |
| Destroyer Form | 1 | |
| Web | 1 | |
| Disease Cloud | 1 | |
7 total
» buildings
| Crypt | 1 | |
| Graveyard | 1 | |
| Altar of Darkness | 1 | |
| Ziggurat | 7 | |
| Tomb of Relics | 1 | |
| Halls of the Dead | 1 | |
| Slaughterhouse | 1 | |
| Black Citadel | 1 | |
| Necropolis | 1 | |
15 total
» build order
00:05 Crypt
00:12 Graveyard
00:44 Altar of Darkness
00:57 Ziggurat
01:23 Tomb of Relics
02:03 Ziggurat
03:50 Halls of the Dead
05:09 Ziggurat
06:39 Slaughterhouse
06:41 Ziggurat
10:05 Black Citadel
11:13 Ziggurat
11:13 Ziggurat
12:32 Ziggurat
16:34 Necropolis
» items
| Rod of Necromancy | 6 | |
| Potion of Healing | 2 | |
| Scroll of Town Portal | 4 | |
| Potion of Lesser Invulnerability | 1 | |
| Lesser Clarity Potion | 1 | |
| Scroll of Regeneration | 1 | |
| Scroll of Healing | 1 | |
| Dust of Appearance | 1 | |
17 total
Chat log
(00:08 / All) xoM9lK: omfg
(00:09 / All) Patience.Virtue: hi
(00:12 / All) Patience.Virtue: thank you for patiently waiting
(00:15 / All) Patience.Virtue: patience is a true virtue
(00:16 / All) trainingfort: xD
(00:21 / All) X-Pl[a]y.N[o]oB: ty for zmap
(00:21 / Allies) trainingfort: wooden pc?
(00:27 / All) Patience.Virtue: sorry, slow pc
(00:33 / All) X-Pl[a]y.N[o]oB: 3-4 min?
(00:36 / All) X-Pl[a]y.N[o]oB: lol
(01:17 / Allies) trainingfort: vs 2 ud
(01:27 / Allies) Patience.Virtue: I'll fast expand
(01:30 / Allies) trainingfort: ok
(01:33 / Allies) trainingfort: need help?
(01:36 / Allies) Patience.Virtue: no it's ok
(04:51 / Allies) trainingfort: lets harras
(04:55 / Allies) Patience.Virtue: u
(05:00 / Allies) Patience.Virtue: wood pls?
(05:07 / Allies) Patience.Virtue: thx
(07:49 / Allies) trainingfort: k
(09:12 / Allies) Patience.Virtue: be careful
(11:04 / Allies) trainingfort: sec ll go soon
(11:08 / Allies) Patience.Virtue: ok
(12:19 / Allies) trainingfort: bam
(12:20 / Allies) trainingfort: ;D
(12:26 / Allies) Patience.Virtue: ^^
(12:42 / Allies) Patience.Virtue: hehe
(13:47 / Allies) trainingfort: need tp?
(13:50 / Allies) Patience.Virtue: yes
(14:40 / Allies) trainingfort: come
(14:55 / Allies) trainingfort: dust
(15:52 / Allies) trainingfort: get tp
(15:56 / Allies) Patience.Virtue: ok
(16:42 / Allies) trainingfort: tt
(18:33 / Allies) trainingfort: b
(19:31 / Allies) Patience.Virtue: b
(20:30 / Allies) Patience.Virtue: boom boom
(20:40 / Allies) trainingfort: need a lot of knights
(20:49 / Allies) trainingfort: u need
(20:52 / Allies) Patience.Virtue: b
(20:59 / Allies) trainingfort: come
(21:03 / Allies) Patience.Virtue: i will tp
(21:41 / Allies) Patience.Virtue: go
(26:05 / Allies) trainingfort: need
(26:17 / Allies) Patience.Virtue: rebuild lich
(26:32 / Allies) Patience.Virtue: b
(26:53 / Allies) Patience.Virtue: sell some ziggurats
(26:53 / Allies) trainingfort: come
(27:42 / Allies) Patience.Virtue: b
(27:52 / Allies) Patience.Virtue: sell
(27:53 / Allies) Patience.Virtue: with aco
(28:13 / Allies) trainingfort: gryph
(28:18 / Allies) Patience.Virtue: TT
(28:50 / Allies) Patience.Virtue: go
(29:16 / All) Patience.Virtue: x play nice maphack
(29:30 / All) trainingfort: gg